 Dungeon Crawl Stone Soup version 0.19.5 (console) character file.

29 Grinner the Skirmisher (level 3, 0/31 HPs)
             Began as a Minotaur Transmuter on Mar 15, 2017.
             Slain by a gnoll
             ... wielding a +0 spear
              (7 damage)
             ... on level 1 of the Dungeon.
             The game lasted 00:01:20 (844 turns).

Grinner the Skirmisher (Minotaur Transmuter)         Turns: 844, Time: 00:01:21

Health: 0/31       AC:  2    Str: 14    XL:     3   Next: 1%
Magic:  2/4        EV: 12    Int: 10    God:
Gold:   91         SH:  0    Dex: 11    Spells: 1 memorised, 3 levels left

rFire  . . .     SeeInvis .       - Unarmed
rCold  . . .     Gourm    .     b - +0 robe
rNeg   + . .     Faith    .     (no shield)
rPois  .         Spirit   .     (helmet restricted)
rElec  .         Reflect  .     (no cloak)
rCorr  +         Harm     .     (no gloves)
MR     .....                    (boots currently unavailable)
Stlth  +.........               (no amulet)
                                h - ring of resist corrosion
                                e - ring of positive energy

@: appendage (expiring)
A: retaliatory headbutt, horns 2, talons 3
a: End Transformation


You were on level 1 of the Dungeon.
You were not hungry.
You had grown temporary talons.
You visited 1 branch of the dungeon, and saw 2 of its levels.

You collected 91 gold pieces.

Inventory:

Missiles
 a - 12 arrows
Armour
 b - a +0 robe (worn)
Jewellery
 e - a ring of positive energy (left hand)
 h - a ring of resist corrosion (right hand)
Scrolls
 i - a scroll of random uselessness {unknown}
Potions
 f - a potion of degeneration {unknown}
 g - a potion of curing {unknown}
Books
 c - a book of Changes

   Spells                             Type                      Level
   a - Beastly Appendage              Transmutation                1
   b - Sticks to Snakes               Transmutation                2
   c - Spider Form                    Transmutation/Poison         3
   d - Ice Form                       Ice/Transmutation            4
   e - Blade Hands                    Transmutation                5
Comestibles
 d - a bread ration


   Skills:
 + Level 3.6 Fighting
 - Level 2.1 Dodging
 - Level 3.2 Unarmed Combat
 - Level 1.3 Spellcasting
 - Level 1.5 Transmutations


You had 3 spell levels left.
You knew the following spells:

 Your Spells              Type           Power        Failure   Level  Hunger
z - Beastly Appendage     Tmut           #.....       21%         1    ##.....


Dungeon Overview and Level Annotations

Branches:
Dungeon (2/15)

Altars:


Innate Abilities, Weirdness & Mutations

You reflexively headbutt those who attack you in melee.
You have a pair of horns on your head.
You have claws for feet.


Message History

Your feet morph into talons.
The gnoll hits you but does no damage. The gnoll barely misses you.
The gnoll hits you with a flail.
* * * LOW HITPOINT WARNING * * *
You are too injured to fight recklessly!
Press: ? - help, v - describe, . - travel
Here: a gnoll, wielding a flail The floor.
You completely miss the gnoll. Your headbutt misses the gnoll.
The gnoll is almost dead.
Your transformation is almost over.
The gnoll misses you. The gnoll closely misses you.
The gnoll barely misses you.
You closely miss the gnoll. You claw the gnoll.
You kill the gnoll!
You have reached level 3!
Your experience leads to an increase in your attributes!
Increase (S)trength, (I)ntelligence, or (D)exterity?
You feel agile. The gnoll hits you with a spear!
You die...

#.#.#...)......#.#
#####'#...###.##.#...#
........#.# #.##.#.###
........#.# #.##.#.#
........#.# #..#.#.#
...######.# ##.#.#.#
...# #.# #...#.# ####
#.# ##gg#.# #.# #)@#.#
#.########.#
#.#........#
#.#.######## #.#.#
#.#.# ### #.#.# #.#
#########.########.#
...................#


You could see 2 gnolls.

Vanquished Creatures
  A gnoll (D:1)
  2 leopard geckos (D:1)
  2 giant cockroaches (D:1)
  2 goblins (D:1)
  8 bats (D:1)
  2 kobolds (D:1)
  2 rats (D:1)
19 creatures vanquished.

Notes
Turn   | Place    | Note
-------+----------+-------------------------------------------
     0 | D:1      | Grinner the Minotaur Transmuter began the quest for the Orb.
     0 | D:1      | Reached XP level 1. HP: 16/16 MP: 1/1
   213 | D:1      | Reached XP level 2. HP: 21/25 MP: 3/3
   844 | D:1      | Reached XP level 3. HP: 7/31 MP: 2/4
   844 | D:1      | Slain by a gnoll

Skill      XL: |  1  2 |
---------------+-------+-----
Fighting       | 2 3 |  3.6
Dodging        | |  2.1
Unarmed Combat | |  3.2
Spellcasting   | |  1.3
Transmutations | |  1.5

Action                   || total
-------------------------++-------
Melee: Unarmed           ||    49
       Headbutt          ||     3
       Kick              ||     1
 Cast: Beastly Appendage ||     1
Armor: Robe              ||    26
Dodge: Dodged            ||    54
